 Dungeon Crawl Stone Soup version 0.29.1-1-gd02db6906a (webtiles) character file.

Game seed: 1727342517557545406

65 hawla the Firebug (level 4, 0/32 (33) HPs)
             Began as a Meteoran Fire Elementalist on Oct 8, 2022.
             Slain by an orc
             ... wielding a +0 flail
              (5 damage)
             ... on level 2 of the Dungeon.
             The game lasted 00:04:10 (1134 turns).

hawla the Firebug (Meteoran Fire Elementalist)      Turns: 1134, Time: 00:04:10

HP:   0/32 (33)     AC:  5    Str:  9    XL:     4   Next: 60%
MP:   2/10          EV: 13    Int: 18    God:
Gold: 63            SH:  0    Dex: 15    Spells: 3/9 levels left

rFire   + . .      SeeInvis .   (no weapon)
rCold   . . .      Faith    .   (no shield)
rNeg    . . .      Spirit   .   j - +2 robe {rC+}
rPois   .          Reflect  .   (no helmet)
rElec   .          Harm     .   (no cloak)
rCorr   .          Rampage  .   g - +0 pair of gloves
Will    .....                   (no boots)
Stlth   +.........              (no amulet)
HPRegen 0.10/turn               i - ring of fire
MPRegen 0.12/turn               (no ring)

@: silenced, glowing, lightly drained
A: sense surroundings 1, otherworldly, glowing, explore regen
a: no special abilities


You were on level 2 of the Dungeon.
You visited 1 branch of the dungeon, and saw 3 of its levels.

You collected 63 gold pieces.

Inventory:

Armour
 g - a +0 pair of gloves (worn)
 j - a +2 robe of cold resistance (worn)
Jewellery
 i - a ring of fire (left hand)
Scrolls
 c - a scroll of poison {unknown}
 d - a scroll of identify {unknown}
 f - a scroll of fear {unknown}
 h - a scroll of enchant armour {unknown}
Potions
 b - a potion of curing {unknown}
 e - a potion of brilliance


   Skills:
 - Level 2.7 Dodging
 - Level 1.4 Stealth
 - Level 3.3 Spellcasting
 - Level 1.4 Conjurations
 + Level 2.1 Necromancy
 - Level 4.5 Fire Magic


You had 3 spell levels left.
You knew the following spells:

 Your Spells              Type           Power      Damage    Failure   Level
a - Foxfire               Conj/Fire      80%        2x1d8     4%          1
b - Scorch                Fire           58%        2d8       3%          2
c - Vampiric Draining     Necr           10%        2d6       19%         3

Your spell library contained the following spells:

 Spells                   Type           Power      Damage    Failure   Level
 Conjure Flame            Conj/Fire      20%        6-21      14%         3
 Slow                     Hex            12%        N/A       16%         1
 Inner Flame              Hex/Fire       16%        N/A       19%         3
 Poisonous Vapours        Pois/Air       6%         N/A       24%         2
 Confusing Touch          Hex            3%         N/A       43%         3
 Ozocubu's Armour         Ice            3%         N/A       43%         3
 Flame Wave               Conj/Fire      20%        2d7       41%         4
 Corpse Rot               Necr/Pois/Air  5%         N/A       75%         4
 Metabolic Englaciation   Hex/Ice        1%         N/A       99%         5
 Simulacrum               Ice/Necr       3%         N/A       100%        6


Dungeon Overview and Level Annotations

Branches:
Dungeon (3/15) Zot: 665

Altars:
Hepliaklqana


Innate Abilities, Weirdness & Mutations

You passively map a small area around you.
You are easily found by Zot.
You glow in the dark.
You regain HP and MP as you explore.


Message History

Casting: Foxfire (safe; 4% risk of failure)
Confirm with . or Enter, or press ? or * to list all spells.
You feel a surge of power!
Flames lash the orc.
The orc is heavily wounded.
The orc's fire resistance burns away.
The adder barely misses you. The adder bites you but does no damage.
The orc hits you but does no damage. The orc barely misses you.
The adder bites you but does no damage. The orc barely misses you. x2
You climb upwards.
There is a stone staircase leading down here.
As you read the scroll labelled ODEACOXTIGU, it crumbles to dust.
A profound silence engulfs you.
It was a scroll of silence.
The adder bites you but does no damage. The orc hits you with a +0 flail.
You closely miss the orc. You punch the orc.
The orc is lightly wounded.
The orc is no longer more vulnerable to fire.
The adder barely misses you. The adder bites you but does no damage.
The orc closely misses you.
You barely miss the orc. You punch the orc, but do no damage.
The orc is lightly wounded.
The adder barely misses you. The orc hits you but does no damage.
You hit the orc.
The orc is moderately wounded.
The adder bites you but does no damage. The orc hits you with a +0 flail!
You hit the orc but do no damage.
The orc is moderately wounded.
The adder closely misses you. The orc barely misses you.
You hit the orc.
The orc is heavily wounded.
The adder barely misses you. The adder bites you but does no damage.
The orc closely misses you.
You barely miss the orc.
The orc is heavily wounded.
The adder barely misses you. The orc hits you with a +0 flail.
* * * LOW HITPOINT WARNING * * *
Your magical contamination has completely faded away.
You completely miss the orc.
The orc is heavily wounded.
The adder closely misses you. The orc hits you with a +0 flail.
You die...

♣♣..P♣####.##.##....##.#
♣♣♣.♣.>....<.##.#..##.##########
##.#####.#####.#..............#
#.....##.# #.#.###.#######...
#.....##.#####.#........# #..#
#.._.................##.# #..#
#.)....#####.#.########.####..#
#......# #.#o# #...##..#
######## #.#@# #.#.##..#
#.#S########...#...# *
#.#o.....♣.♣.♣....##
#####8#8#8#.######.......#.##
#......_....# ##♣#♣#♣##)#
#.###8#8#8### #.##.# #.# * ###
#.##.# #.# #.# #### #.##.# #.#
#.# ###..## #.##.#


You could see an adder and 2 orcs.

Vanquished Creatures
  2 adders (D:2)
  A dart slug (D:2)
  5 orcs
  4 endoplasms
  4 giant cockroaches
  3 goblins (D:1)
  A hobgoblin (D:2)
  3 jackals (D:1)
  3 kobolds
  5 ball pythons
  5 bats
  2 rats (D:2)
38 creatures vanquished.

Vanquished Creatures (others)
  57 foxfires
  A plant (D:2)
58 creatures vanquished.

Grand Total: 96 creatures vanquished

Notes
Turn   | Place    | Note
-------+----------+-------------------------------------------
     0 | D:1      | hawla the Meteoran Fire Elementalist began the quest for
                  | the Orb.
     0 | D:1      | Reached XP level 1. HP: 14/14 MP: 5/5
   128 | D:1      | Reached XP level 2. HP: 20/20 MP: 4/6
   131 | D:1      | Reached skill level 4 in Fire Magic
   140 | D:1      | Learned a level 2 spell: Scorch
   316 | D:1      | Reached XP level 3. HP: 23/26 MP: 0/8
   500 | D:1      | Glimpsed the power of Zot.
   621 | D:2      | Learned a level 3 spell: Vampiric Draining
   667 | D:2      | Reached XP level 4. HP: 19/33 MP: 5/10
   678 | D:2      | Reached skill level 1 in Necromancy
   687 | D:2      | Found a hazy altar of Hepliaklqana.
   966 | D:2      | Found a faded altar of an unknown god.
  1100 | D:2      | Glimpsed the power of Zot.
  1134 | D:2      | Slain by an orc

Illustrated notes

Levels and vault maps discovered:
D:1:      dpeg_arrival_arbitrary_c, layout_basic, minmay_misc_feat_columns
D:2:      minmay_alternating_diamond, layout_loops_ring, serial_forest,
          infiniplex_forest_straight_4, infiniplex_forest_clump_double,
          infiniplex_forest_corner_1, infiniplex_forest_clump_diagonal,
          infiniplex_forest_lined_3, infiniplex_forest_clump_tiny,
          infiniplex_forest_fountain, infiniplex_forest_zigzag_2,
          infiniplex_forest_lined_1, infiniplex_forest_corner_1, basic_altar,
          ebering_ecumenical_altar_hall
D:3:      layout_basic, elyvilon_altar_4

Skill      XL: |  1  2  3  4 |
---------------+-------------+-----
Fire Magic     | 4 |  4.5
Spellcasting   | 3 |  3.3
Necromancy     | 2 |  2.1
Dodging        | |  2.7
Stealth        | |  1.4
Conjurations   | |  1.4

Action                   |  1- 3 |  4- 6 || total
-------------------------+-------+-------++-------
Melee: Unarmed           |    18 |    14 ||    32
       Punch             |       |     2 ||     2
 Cast: Foxfire           |    28 |     7 ||    35
       Scorch            |     7 |     6 ||    13
       Vampiric Draining |     1 |     3 ||     4
  Use: Potion            |       |     2 ||     2
       Scroll            |       |     1 ||     1
Armor: Robe              |    12 |    11 ||    23
Dodge: Dodged            |    18 |    29 ||    47
